 Adventure DCSS version bcrawl-1.18 (webtiles) character file.

Game seed: 12002799758404181050

1044 polve the Carver (level 8, 0/45 HPs)
             Began as a Mana Stalker Fighter on Oct 31, 2019.
             Slain by an orc warrior
             ... wielding a +0 war axe
              (10 damage)
             ... on level 6 of the Dungeon.
             The game lasted 00:05:19 (3811 turns).

polve the Carver (Mana Stalker Fighter)             Turns: 3811, Time: 00:05:20

Health: 0/45       AC:  7    Str: 18    XL:     8   Next: 25%
Magic:  9/9        EV:  7    Int:  8    God:
Gold:   296        SH: 12    Dex: 17    Spells: 7/7 levels left
                                        Lives:  0   Deaths: 2

rFire    . . .     SeeInvis .   a - +0 long sword
rCold    + . .     Gourm    .   c - +0 shield
rNeg     . . .     Faith    .   b - +0 scale mail
rPois    .         Spirit   .   (no helmet)
rElec    .         Reflect  .   (no cloak)
rCorr    .         Harm     .   (no gloves)
MR       ++...                  w - +0 pair of boots
Stlth    ..........             (no amulet)
HPRegen  0.55/turn              v - ring of protection from cold
MPRegen  0.11/turn              q - ring of protection from magic

@: no status effects
A: fangs 3, magic resistance 1, regeneration 1, antimagic bite, no potion heal
3, rot immunity, strong jaws
a: no special abilities


You were on level 6 of the Dungeon.
You were hungry.

You visited 1 branch of the dungeon, and saw 6 of its levels.

You collected 296 gold pieces.

Inventory:

Hand Weapons
 a - a +0 long sword (weapon)
Armour
 b - a +0 scale mail (worn)
 c - a +0 shield (worn)
 g - a +0 helmet
 w - a +0 pair of boots (worn)
Jewellery
 q - a ring of protection from magic (right hand)
 v - a ring of protection from cold (left hand)
Wands
 o - a wand of iceblast (6)
 u - a wand of digging (11)
 D - a wand of random effects (12)
 E - a wand of flame (10)
Scrolls
 e - 2 scrolls of immolation {unknown}
 h - 9 scrolls of remove curse
 l - a scroll of magic mapping {unknown}
 p - a scroll of noise {unknown}
 r - 6 scrolls of teleportation {unknown}
 y - a scroll of fog {unknown}
 z - a scroll of fear {unknown}
 A - a scroll of amnesia {unknown}
 B - a scroll of enchant armour {unknown}
Potions
 d - a potion of might
 i - a potion of lignification {unknown}
 j - 4 potions of brilliance {unknown}
 k - a potion of curing {unknown}
 m - 2 potions of flight {unknown}
 n - a potion of resistance {unknown}
 s - a potion of ambrosia {unknown}
 t - a potion of cancellation {unknown}
 x - a potion of magic {unknown}
 C - a potion of agility {unknown}
 F - a potion of berserk rage {unknown}
Comestibles
 f - 8 rations {!d}


   Skills:
 - Level 2.6 Fighting
 + Level 9.4 Long Blades
 - Level 2.4 Armour
 - Level 2.6 Shields


You had 7 spell levels left.
You didn't know any spells.
Your spell library contained the following spells:

 Spells                   Type           Power        Failure   Level  Hunger
 Corona                   Hex            #......      100%        1    ##.....
 Summon Small Mammal      Summ           #...         100%        1    ##.....
 Call Imp                 Summ           #.......     100%        2    ###....
 Ensorcelled Hibernation  Hex/Ice        #.....       100%        2    ###....
 Call Canine Familiar     Summ           #.......     100%        3    ####...
 Confuse                  Hex            #.......     100%        3    ####...
 Dazzling Spray           Conj/Hex       #.....       100%        3    ####...
 Tukima's Dance           Hex            #.......     100%        3    ####...
 Summon Ice Beast         Ice/Summ       #.......     100%        4    #####..
 Summon Lightning Spire   Summ/Air       #.......     100%        5    ######.


Dungeon Overview and Level Annotations

Branches:
Dungeon (6/12)
 Temple: D:4-7

Altars:
Makhleb
Qazlal
Wu Jian
The Shining One

Annotations:
D:4 1 runed translucent door, esc's ghost, amateur DgAc


Innate Abilities, Weirdness & Mutations

You have razor-sharp teeth.
You are resistant to hostile enchantments. (MR+)
Your natural rate of healing is unusually fast.
Your bite disrupts and absorbs the magic of your enemies.
Potions cannot restore your health.
You are immune to rotting.
Your bites deal extra damage.


Message History

You hit the orc warrior but do no damage.
You bite the orc warrior. You drain its power.
The orc warrior is lightly wounded.
The orc warrior barely misses you.
You hit the orc warrior but do no damage.
Your bite misses the orc warrior.
The orc warrior is lightly wounded.
You barely miss the orc warrior.
The orc warrior is lightly wounded.
You block the orc warrior's attack.
You hit the orc warrior.
The orc warrior is moderately wounded.
The orc warrior hits you with a +0 war axe!
* * * LOW HITPOINT WARNING * * *
You hit the orc warrior. Your bite misses the orc warrior.
The orc warrior is heavily wounded.
The orc wizard mumbles some strange words.
The orc wizard seems to speed up.
The orc warrior hits you with a +0 war axe!
You die...

##+#### .......
....... .......
######### .......
#oooo@..# ......^
#.####.##
.....$.####.#.##.#
♣..$...'o.o.#....#
.......######.#######
♣...... #.......#
....... ######.##
....... #######.#
....... #.....#.#


You could see an orc warrior, an orc wizard and 2 orcs.

Vanquished Creatures
  Grinder (D:4)
  2 ice beasts (D:5)
  A phantom (D:4)
  A centaur (D:5)
  2 scorpions
  A crimson imp (D:4)
  A centaur zombie (D:3)
  An orc priest (D:4)
  2 hounds
  A bullfrog skeleton (D:5)
  An iguana (D:5)
  6 orc wizards
  A worker ant (D:5)
  4 gnolls (D:2)
  7 adders
  A shadow imp (D:5)
  An ooze (D:1)
  An adder zombie (D:5)
  2 worms (D:2)
  2 dart slugs
  2 leopard geckos (D:2)
  13 orcs
  4 giant cockroaches
  12 hobgoblins
  7 jackals
  5 quokkas
  A ball python (D:2)
  5 bats
  A frilled lizard (D:2)
  7 goblins
  A jackal skeleton (D:4)
  10 kobolds
  A leopard gecko skeleton (D:4)
  7 rats
  A plant (D:3)
116 creatures vanquished.

Notes
Turn   | Place    | Note
-------+----------+-------------------------------------------
     0 | D:1      | polve the Vine Stalker Fighter began the quest for the Orb.
     0 | D:1      | Reached XP level 1. HP: 13/13 MP: 2/2
    36 | D:1      | Reached skill level 2 in Long Blades
   136 | D:1      | Reached XP level 2. HP: 18/18 MP: 3/3
   237 | D:1      | Reached skill level 3 in Long Blades
   320 | D:1      | Reached XP level 3. HP: 22/22 MP: 4/4
   912 | D:2      | Reached XP level 4. HP: 26/27 MP: 5/5
   934 | D:2      | Reached skill level 4 in Long Blades
   969 | D:2      | Found an ornate altar of the Wu Jian Council.
  1555 | D:3      | Reached XP level 5. HP: 16/31 MP: 6/6
  1565 | D:3      | Slain by a centaur zombie
  1566 | D:3      | Reached XP level 4. HP: 0/27 MP: 5/5
  1596 | D:3      | Reached skill level 5 in Long Blades
  1596 | D:3      | Reached XP level 5. HP: 31/31 MP: 6/6
  2045 | D:3      | Gained mutation: You have razor-sharp teeth. [Vine Stalker
                  | growth]
  2045 | D:3      | Reached XP level 6. HP: 35/36 MP: 7/7
  2059 | D:3      | Reached skill level 6 in Long Blades
  2383 | D:4      | Noticed Grinder
  2459 | D:4      | Killed from afar by Grinder
  2460 | D:4      | Reached XP level 5. HP: 0/31 MP: 6/6
  2480 | D:4      | Noticed a phantom
  2500 | D:4      | Killed a phantom
  2500 | D:4      | Reached XP level 6. HP: 22/36 MP: 7/7
  2606 | D:4      | Reached skill level 7 in Long Blades
  2620 | D:4      | Found a burning altar of Makhleb.
  2697 | D:4      | Noticed esc's ghost (amateur DgAc)
  2705 | D:4      | Found a runed translucent door.
  2924 | D:4      | Killed Grinder
  2924 | D:4      | Reached XP level 7. HP: 30/40 MP: 8/8
  2959 | D:5      | Entered Level 5 of the Dungeon
  2970 | D:5      | Reached skill level 8 in Long Blades
  3306 | D:5      | Reached skill level 9 in Long Blades
  3306 | D:5      | Gained mutation: Your bite disrupts and absorbs the magic
                  | of your enemies. [Mana Stalker growth]
  3306 | D:5      | Gained mutation: You are resistant to hostile enchantments.
                  | (MR+) [Mana Stalker growth]
  3306 | D:5      | Reached XP level 8. HP: 38/45 MP: 8/9
  3346 | D:5      | Found a stormy altar of Qazlal.
  3454 | D:5      | Found a glowing golden altar of the Shining One.
  3811 | D:6      | Slain by an orc warrior

Skill      XL: |  1  2  3  4  5  6  7 |
---------------+----------------------+-----
Long Blades    | 2 3 5 7 9 |  9.4
Fighting       | |  2.6
Armour         | |  2.4
Shields        | |  2.6

Action                   |  1- 3 |  4- 6 |  7- 9 || total
-------------------------+-------+-------+-------++-------
Melee: Long sword        |   111 |   257 |   106 ||   474
       Bite              |    14 |    39 |    23 ||    76
  Use: Scroll            |       |     1 |       ||     1
       Potion            |       |     1 |       ||     1
  Eat: Chunk             |       |     2 |     1 ||     3
Armor: Scale mail        |    45 |    70 |    26 ||   141
Dodge: Dodged            |    33 |    50 |    19 ||   102
Block: Shield            |    76 |   122 |    52 ||   250
